 Dungeon Crawl Stone Soup version 0.25.1-2-g60ff931df9 (console) character file.

Game seed: 5127787636305904735

31054 Kagalorn the Sculptor of Flesh (level 13, 113/113 HPs)
             Began as a Hill Orc Gladiator on July 11, 2020.
             Was an Elder of Yredelemnul.
             Quit the game on level 5 of the Lair of Beasts on Aug 12, 2020.
             The game lasted 01:01:30 (20187 turns).

Kagalorn the Sculptor of Flesh (HOGl)              Turns: 20187, Time: 01:01:31

Health: 113/113    AC: 15    Str: 18    XL:     13   Next: 55%
Magic:  21/21      EV: 20    Int: 18    God:    Yredelemnul [****..]
Gold:   923        SH:  0    Dex: 12    Spells: 12/20 levels left

rFire    . . .     SeeInvis .   a - +2 lajatang (vamp)
rCold    . . .     Gourm    .   (shield currently unavailable)
rNeg     . . .     Faith    .   b - +0 leather armour
rPois    .         Spirit   .   c - +1 helmet
rElec    .         Reflect  .   Z - +2 cloak {MR+}
rCorr    .         Harm     .   o - +2 pair of gloves
MR       +....                  T - +0 pair of boots
Stlth    +.........             g - amulet of regeneration
HPRegen  0.68/turn              p - +6 ring of intelligence
MPRegen  0.17/turn              I - +4 ring of evasion

@: no status effects
A: no striking features
a: Recall Undead Slaves, Injury Mirror, Animate Dead, Drain Life, Renounce
Religion


You were on level 5 of the Lair of Beasts.
You worshipped Yredelemnul.
Yredelemnul was greatly pleased with you.
You were not hungry.

You visited 3 branches of the dungeon, and saw 17 of its levels.

You collected 923 gold pieces.

Inventory:

Hand Weapons
 a - a +2 vampiric lajatang (weapon)
 j - a +0 short sword
 u - a +0 dagger of venom
 y - a +0 flail
 Q - a +0 broad axe
 U - a +1 long sword
Missiles
 d - 5 throwing nets
 i - 319 stones (quivered)
Armour
 b - a +0 leather armour (worn)
 c - a +1 helmet (worn)
 o - a +2 pair of gloves (worn)
 T - a +0 pair of boots (worn)
 Y - a scarf of invisibility
 Z - a +2 cloak of magic resistance (worn)
Jewellery
 g - an amulet of regeneration (around neck)
 p - a +6 ring of intelligence (left hand)
 v - an uncursed ring of protection from magic
 x - an uncursed amulet of guardian spirit
 I - a +4 ring of evasion (right hand)
 K - an uncursed ring of wizardry
 L - an uncursed ring of fire
 M - a +6 ring of strength
 N - an uncursed ring of positive energy
Wands
 k - a wand of paralysis (8)
 A - a wand of enslavement (1)
 C - a wand of digging (6)
 E - a wand of flame (37)
 H - a wand of iceblast (5)
 P - a wand of clouds (8)
 X - a wand of random effects (10)
Scrolls
 h - 4 scrolls of remove curse
 m - a scroll of fog
 r - a scroll of amnesia
 F - 4 scrolls of teleportation
 G - 5 scrolls of enchant weapon
Potions
 e - 2 potions of heal wounds {unknown}
 l - a potion of mutation {unknown}
 n - 2 potions of lignification {unknown}
 q - 2 potions of resistance
 s - 3 potions of degeneration {unknown}
 w - 2 potions of haste
 B - a potion of stabbing
 D - 3 potions of flight
 J - 5 potions of curing
 R - 4 potions of cancellation
Comestibles
 f - 15 rations


   Skills:
 + Level 10.0 Fighting
 - Level 6.0 Long Blades
 - Level 6.0 Axes
 + Level 0.0(5.4) Maces & Flails
 - Level 6.0 Staves
 - Level 1.7 Throwing
 - Level 10.0 Armour
 + Level 8.6 Dodging
 - Level 4.0 Spellcasting
 - Level 2.0 Translocations
 - Level 4.0 Transmutations
 + Level 6.0 Earth Magic
 + Level 11.9 Invocations


You had 12 spell levels left.
You knew the following spells:

 Your Spells              Type           Power        Failure   Level  Hunger
b - Petrify               Tmut/Erth      ###.....     22%         4    ####...
g - Passwall              Tmut/Erth      ###.....     3%          2    ##.....
h - Blink                 Tloc           N/A          11%         2    ##.....

Your spell library contained the following spells:

 Spells                   Type           Power        Failure   Level  Hunger
 Sandblast                Erth           ####..       1%          1    None
 Stone Arrow              Conj/Erth      ##....       14%         3    ###....
 Corona                   Hex            #......      17%         1    None
 Magic Dart               Conj           #...         17%         1    None
 Call Imp                 Summ           #.......     26%         2    ##.....
 Ensorcelled Hibernation  Hex/Ice        #.....       26%         2    ##.....
 Searing Ray              Conj           #.....       26%         2    ##.....
 Slow                     Hex            #.......     26%         2    ##.....
 Lee's Rapid Deconstruct  Erth           ####......   36%         5    ######.
 Confusing Touch          Hex            #.......     45%         3    ###....
 Conjure Flame            Conj/Fire      #.......     45%         3    ###....
 Dazzling Flash           Conj/Hex       #.....       45%         3    ###....
 Mephitic Cloud           Conj/Pois/Air  #.......     45%         3    ###....
 Tukima's Dance           Hex            #.......     45%         3    ###....
 Iskenderun's Mystic Bla  Conj/Tloc      #.......     73%         4    ####...
 Fulminant Prism          Conj/Hex       #.........   86%         4    ####...
 Summon Lightning Spire   Summ/Air       #.......     86%         4    ####...
 Silence                  Hex/Air        #.........   99%         5    ######.
 Conjure Ball Lightning   Conj/Air       #.........   100%        6    #######
 Tornado                  Air            #.........   100%        9    #######


Dungeon Overview and Level Annotations

Branches:
Dungeon (10/15)            Temple (1/1) D:6            Lair (6/6) D:10
 Shoals (0/4) Lair:4        Snake (0/4) Lair:4
  Slime: Lair:5-6       Orc: D:9-12

Altars:
Ashenzari
Cheibriados
Dithmenos
Elyvilon
Fedhas
Gozag
Hepliaklqana
Kikubaaqudgha
Makhleb
Nemelex Xobeh
Okawaru
Qazlal
Ru
Sif Muna
Trog
Uskayaw
Vehumet
Wu Jian
Xom
Yredelemnul
Zin
The Shining One

Shops:
D:8 }   D:9 }

Annotations:
D:10 Gastronok
Lair:1 exclusion: 2 oklob plants


Message History

You call on the dead to rise...
The dead are walking!
You are feeling hungry.
Eat a chunk of flesh? (ye/n/q)
You eat the chunk of flesh.
This raw flesh tastes terrible.
As you read the scroll labeled SAEXIYTYOSA, it crumbles to dust.
The scroll dissolves into smoke.
It was a scroll of fog.
You swap places.
There is an open door here.
You see here a +0 pair of gloves.
Done exploring.
There is a stone staircase leading down here.
You climb downwards.
Your mindless thrall stays behind.
There is a stone staircase leading up here.
Done exploring.
There is a stone staircase leading up here.
Saving game... please wait.
Welcome back, Kagalorn the Hill Orc Gladiator.
Yredelemnul says: Carry the black torch!
Rouse the idle dead!
Press ? for a list of commands and other information.
Are you sure you want to abandon this character and quit the game? (Confirm with "yes".)

### #####Z### ## #...##..######[
### #..............
#.#######.............#
#.#.#.#.#.............#
#.....@................
####.#.#.#.#.............#
##P...............>.......P
####.....#.#.#.#..............
#................#.....#...##.
##.......#.#.#.#....###.#.P.P.
##..P.#.PP##(..#....## #.#.....
#...###...#....#...## ##.....#.
###..###.......##....###.P......


There were no monsters in sight!

Vanquished Creatures
  Sonja (Lair:4)
  An oklob plant (Lair:4)
  5 black mambas
  5 spiny frogs
  2 komodo dragons
  A rime drake (Lair:5)
  A queen bee (Lair:3)
  3 polar bears (Lair:4)
  7 blink frogs
  7 hippogriffs
  2 wyverns (Lair:3)
  A hungry ghost (D:7)
  2 yaks
  A basilisk (D:9)
  Menkaure (D:7)
  6 porcupines
  8 water moccasins
  An orc warrior (D:7)
  2 sky beasts (D:6)
  2 phantoms
  5 ogres
  8 wolves
  A centaur (D:6)
  6 crocodiles
  A big kobold (D:10)
  8 bullfrogs
  A water moccasin skeleton (D:8)
  2 scorpions
  28 killer bees
  3 howler monkeys
  A centaur zombie (D:8)
  A crimson imp (D:6)
  A bullfrog zombie (D:10)
  4 hounds
  3 orc priests (D:6)
  3 bullfrog skeletons
  3 centaur skeletons
  5 orc wizards
  2 iguanas
  Natasha (thrice) (D:2)
  7 worker ants
  2 hell rats (Lair:3)
  A hound skeleton (D:5)
  A hound zombie (D:8)
  A worker ant zombie (D:5)
  8 gnolls
  8 adders
  3 shadow imps
  An ooze (D:1)
  2 adder skeletons (D:5)
  An adder zombie (D:7)
  4 worms (D:2)
  3 dart slugs
  4 leopard geckos
  36 orcs
  5 giant cockroaches
  4 goblins
  7 hobgoblins
  14 jackals
  7 quokkas
  6 bats
  6 frilled lizards
  9 kobolds
  A quokka skeleton (D:6)
  3 rats
292 creatures vanquished.

Vanquished Creatures (collateral kills)
  Snorg (Lair:3)
  3 hydras
  6 death yaks (Lair:3)
  A manticore (Lair:4)
  2 elephants
  2 black mambas
  A guardian serpent (Lair:3)
  7 spiny frogs
  A rime drake (Lair:4)
  2 komodo dragons
  A polar bear (Lair:4)
  2 blink frogs
  6 hippogriffs
  5 yaks
  A wyvern (Lair:3)
  2 basilisks
  A steam dragon (Lair:3)
  A water moccasin (Lair:4)
  2 porcupines
  2 phantoms
  A black bear (D:8)
  An ogre (D:8)
  A wolf (Lair:1)
  A centaur (D:6)
  3 bullfrogs
  7 killer bees
  A howler monkey (D:9)
  2 orc priests
  An orc wizard (D:8)
  A hell rat (Lair:3)
  An orc (D:9)
  A bat (D:1)
  A frilled lizard (D:1)
  6 fungi
  5 plants
82 creatures vanquished.

Vanquished Creatures (others)
  3 black mamba zombies
  4 flying skulls
  3 spiny frog zombies
  A komodo dragon skeleton (Lair:4)
  3 water moccasin zombies (Lair:3)
  2 hippogriff skeletons
  An elf skeleton (D:7)
  A wyvern skeleton (Lair:3)
  A queen bee zombie (Lair:3)
  2 yak zombies (Lair:4)
  2 wights
  2 bullfrog zombies
  2 wolf skeletons
  3 bullfrog skeletons
  A porcupine zombie (Lair:4)
  9 killer bee zombies (Lair:3)
  A big kobold zombie (D:10)
  An ogre skeleton (D:7)
  A hell rat zombie (Lair:3)
  A howler monkey skeleton (D:7)
  An iguana zombie (D:8)
  A kobold (D:2)
  A kobold skeleton (D:10)
  A kobold zombie (D:10)
  An orc skeleton (D:7)
  3 orc zombies
  4 fungi
  13 plants
  5 toadstools (D:1)
74 creatures vanquished.

Grand Total: 448 creatures vanquished

Notes
Turn   | Place    | Note
-------+----------+-------------------------------------------
     0 | D:1      | Kagalorn the Hill Orc Gladiator began the quest for the
                  | Orb.
     0 | D:1      | Reached XP level 1. HP: 18/18 MP: 1/1
   125 | D:2      | Found a radiant altar of Vehumet.
   146 | D:2      | Reached XP level 2. HP: 25/25 MP: 2/2
   155 | D:2      | Found a shattered altar of Ashenzari.
   293 | D:2      | Noticed Natasha
   305 | D:2      | Killed Natasha
   305 | D:2      | Reached XP level 3. HP: 25/31 MP: 3/3
   632 | D:2      | Reached XP level 4. HP: 35/38 MP: 4/4
   834 | D:2      | Noticed Natasha
   846 | D:2      | Killed Natasha
   846 | D:2      | Reached skill level 5 in Long Blades
  1101 | D:2      | Noticed Natasha
  1108 | D:2      | Killed Natasha
  1108 | D:2      | Reached XP level 5. HP: 43/46 MP: 5/5
  1536 | D:3      | Reached skill level 1 in Axes
  1576 | D:3      | Reached XP level 6. HP: 18/53 MP: 6/6
  1777 | D:3      | Found a glowing silver altar of Zin.
  1825 | D:3      | Found a burning altar of Makhleb.
  1996 | D:3      | Found a hide-covered altar of Uskayaw.
  2493 | D:4      | Reached skill level 5 in Fighting
  2515 | D:4      | Reached XP level 7. HP: 52/61 MP: 7/7
  2598 | D:4      | Reached skill level 5 in Axes
  3003 | D:5      | Entered Level 5 of the Dungeon
  3015 | D:5      | Noticed a hippogriff
  3164 | D:4      | Killed a hippogriff
  3164 | D:4      | Reached skill level 1 in Armour
  3164 | D:4      | Reached XP level 8. HP: 13/71 MP: 8/8
  4077 | D:6      | Found a staircase to the Ecumenical Temple.
  4092 | Temple   | Entered the Ecumenical Temple
  4266 | Temple   | Became a worshipper of Yredelemnul the Dark
  4393 | D:6      | Reached skill level 1 in Invocations
  4716 | D:6      | Reached skill level 2 in Invocations
  4726 | D:6      | You fall into a shaft and drop 3 floors!
  4744 | D:9      | Found Sojamm's Gadget Shop.
  4995 | D:7      | Reached skill level 3 in Invocations
  5155 | D:6      | Reached * piety under Yredelemnul
  5196 | D:6      | Reached XP level 9. HP: 63/81 MP: 11/11
  5287 | D:6      | Reached skill level 4 in Invocations
  5823 | D:1      | You fall into a shaft and drop 1 floor!
  6748 | D:7      | Noticed Menkaure
  6756 | D:7      | Killed Menkaure
  7185 | D:7      | Reached skill level 5 in Armour
  7185 | D:7      | Reached skill level 5 in Invocations
  7674 | D:7      | Reached skill level 5 in Dodging
  7979 | D:7      | Reached skill level 6 in Invocations
  8490 | D:8      | Reached ** piety under Yredelemnul
  8598 | D:8      | Reached XP level 10. HP: 91/91 MP: 14/14
  9029 | D:9      | Found a shimmering altar of Xom.
  9864 | D:9      | Reached skill level 7 in Invocations
  9866 | D:9      | Reached skill level 1 in Staves
 10283 | D:10     | Entered Level 10 of the Dungeon
 10693 | D:10     | Found a staircase to the Lair.
 10693 | D:10     | Noticed an elephant
 10745 | D:9      | Killed an elephant
 11256 | D:10     | Noticed Gastronok
 11307 | Lair:1   | Entered Level 1 of the Lair of Beasts
 11479 | Lair:1   | Noticed a black mamba
 11493 | Lair:1   | Killed a black mamba
 11493 | Lair:1   | Reached skill level 10 in Fighting
 11521 | Lair:1   | Noticed a six-headed hydra
 11713 | D:10     | Reached skill level 8 in Invocations
 12540 | Lair:1   | Reached XP level 11. HP: 71/99 MP: 17/17
 12957 | Lair:1   | Noticed an oklob plant
 12957 | Lair:1   | Noticed an oklob plant
 12966 | Lair:1   | Learned a level 2 spell: Blink
 13496 | Lair:1   | Reached skill level 9 in Invocations
 13618 | Lair:2   | Reached skill level 1 in Translocations
 13622 | Lair:2   | Reached XP level 12. HP: 106/106 MP: 18/18
 13626 | Lair:2   | Learned a level 2 spell: Passwall
 13632 | Lair:2   | Learned a level 4 spell: Petrify
 13656 | Lair:2   | Noticed a seven-headed hydra
 13700 | Lair:1   | Killed a seven-headed hydra
 13700 | Lair:1   | Reached skill level 5 in Earth Magic
 13845 | Lair:2   | Reached *** piety under Yredelemnul
 14093 | Lair:1   | Killed a six-headed hydra
 15959 | Lair:3   | Received a gift from Yredelemnul (a wight)
 16712 | Lair:3   | Reached skill level 10 in Invocations
 16766 | Lair:3   | Reached **** piety under Yredelemnul
 16770 | Lair:3   | Reached skill level 5 in Staves
 16795 | Lair:3   | Received a gift from Yredelemnul (2 flying skulls)
 17212 | Lair:4   | Noticed a death yak
 17213 | Lair:4   | Noticed a death yak
 17213 | Lair:4   | Noticed a death yak
 17213 | Lair:4   | Noticed a death yak
 17250 | Lair:3   | Killed a death yak
 17314 | Lair:4   | Noticed a death yak
 17322 | Lair:3   | Killed a death yak
 17322 | Lair:3   | Reached XP level 13. HP: 65/113 MP: 20/20
 17737 | Lair:4   | Noticed Snorg
 17755 | Lair:3   | Killed Snorg
 18049 | Lair:3   | Received a gift from Yredelemnul (2 flying skulls)
 18102 | Lair:4   | Found a staircase to the Snake Pit.
 18169 | Lair:4   | Identified a scroll of acquirement
 18169 | Lair:4   | Acquired a +2 vampiric lajatang
 18235 | Lair:4   | Reached skill level 11 in Invocations
 18265 | Lair:4   | Received a gift from Yredelemnul (a wight)
 18388 | Lair:4   | You fall into a shaft and drop 2 floors!
 18388 | Lair:6   | Entered Level 6 of the Lair of Beasts
 19064 | Lair:5   | Reached skill level 10 in Armour
 19546 | Lair:4   | Found a staircase to the Shoals.
 19747 | Lair:4   | Noticed Sonja
 20008 | Lair:4   | Killed Sonja
 20187 | Lair:5   | Upgraded the game from 0.25.0-45-g978344163c to
                  | 0.25.1-2-g60ff931df9
 20187 | Lair:5   | Quit the game

Illustrated notes

Levels and vault maps discovered:
D:1:      ldierk_walled_garden, layout_loops_corners,
          chequers_serial_rivers_large_b, nrook_loot_triangle
D:2:      layout_basic, evilmike_ruin_ashenzari, fiery_altar_vehumet,
          uniq_natasha
D:3:      layout_loops_corners, lemuel_doored_altar, marbit_many_paths,
          makhleb_blood_cavern_becter, first_ration,
          hangedman_decor_clover_reticule, guppyfry_early_orc_mine
D:4:      layout_rooms
D:5:      layout_basic
D:6:      layout_basic, temple_pool_b
D:7:      layout_loops_cross, grunt_ogre_cave, uniq_menkaure
D:8:      layout_basic
D:9:      layout_small_grid, overflow_temple_1_default, serial_shops,
          nicolae_shop_statue_plus
D:10:     layout_basic, david_lair_generic, uniq_gastronok
Temple:   eino_temple_scatter_basement
Lair:1:   layout_regular_city, minmay_lair_oklob_chamber
Lair:2:   layout_loops_ring
Lair:3:   regret_index_wax_grids, layout_small_grid
Lair:4:   dpeg_oklob_gauntlet, layout_regular_city, minmay_shoals_entry_beasts,
          minmay_snake_entry_spellcaster, cheibrodos_lair_lostbears, uniq_snorg,
          uniq_sonja
Lair:5:   layout_loops_ring, st_stairs_8
Lair:6:   gammafunk_lair_ancient_temple, layout_small_grid,
          nicolae_slime_entry_slimehenge, minmay_lair_drake_nest,
          serial_bayou_shore_a

Skill      XL: |  1  2  3  4  5  6  7  8  9 10 11 12 13 |
---------------+----------------------------------------+-----
Fighting       | 3 4 5 6 7 9 10 | 10.0
Long Blades    | 4 5 6 |  6.0
Axes           | 1 4 6 |  6.0
Armour         | 1 4 6 7 8 9 10 | 10.0
Dodging        | 4 5 6 7 8 |  8.6
Invocations    | 3 6 8 9 10 11 | 11.9
Staves         | 3 5 6 |  6.0
Translocations | 1 2 |  2.0
Spellcasting   | 3 4 |  4.0
Transmutations | 3 4 |  4.0
Earth Magic    | 4 6 |  6.0
Throwing       | |  1.7

Action                   |  1- 3 |  4- 6 |  7- 9 | 10-12 | 13-15 || total
-------------------------+-------+-------+-------+-------+-------++-------
Melee: Long sword        |    64 |   171 |   502 |   185 |       ||   922
       Whip              |       |       |       |   514 |    83 ||   597
       Lajatang          |       |       |       |       |   117 ||   117
Throw: Stone             |       |     7 |     3 |       |       ||    10
       Throwing net      |       |       |     1 |       |       ||     1
 Cast: Petrify           |       |       |       |     3 |     3 ||     6
Invok: Animate Remains   |       |       |    26 |    21 |       ||    47
       Animate Dead      |       |       |       |    22 |    22 ||    44
       Recall Undead Sla |       |       |       |     1 |       ||     1
Evoke: Wand              |       |       |     4 |     1 |       ||     5
  Use: Scroll            |       |       |     5 |     9 |     9 ||    23
       Potion            |       |       |     4 |     1 |       ||     5
 Stab: Distracted        |       |       |       |     8 |     4 ||    12
       Petrified         |       |       |       |     9 |     2 ||    11
       Sleeping          |       |       |       |     1 |       ||     1
  Eat: Chunk             |       |     5 |    16 |    16 |    10 ||    47
       Ration            |       |       |     5 |     8 |     2 ||    15
Armor: Leather armour    |    16 |    56 |   193 |   270 |    82 ||   617
Dodge: Dodged            |    34 |   130 |   387 |   658 |   207 ||  1416
       Rpst.: Long sword |    13 |    43 |   115 |    43 |       ||   214
